Map: Benchmarker - Dusk Towers

Players

blackxored

  • Race: Zerg Zerg
  • League: Platinum

Yourself

  • Race: Protoss Protoss

VOD

Have the link to the VOD?

Description

Time

  • Played on: June 26, 2016, 1:02 p.m.
  • Length: 60:27
Show
View Real Time Build Order
Export as new Build Order

blackxored Zerg 

Build Orders: Hatch First 

Get SALT Encoding   

  12  12:55  Drone  
  13  13:03  Drone  
  14  13:11  Overlord  
  14  13:17  Extractor, Drone  
  15  13:33  Drone x2  
  17  13:46  Hatchery  
  16  13:48  Drone  
  16  13:52  Drone  
  18  14:02  Extractor  
  18  14:07  Spawning Pool  
  18  14:09  Drone  
  17  14:13  Drone  
  18  14:21  Drone  
  19  14:32  Overlord  
  19  14:45  Drone  
  20  14:54  Queen  
  20  14:56  Zergling x2  
  20  14:58  Zergling x2, Queen  
  26  15:05  Zergling x2  
  26  15:06  Metabolic Boost  
  27  15:11  Drone  
  28  15:14  Drone  
  29  15:26  Drone x2  
  31  15:36  Hatchery  
  31  15:37  Overlord  
  31  15:42  Pneumatized Carapace  
  30  15:50  Queen  
  30  15:53  Drone  
  30  15:56  Drone  
  34  15:57  Drone  
  34  16:02  Drone  
  36  16:14  Overlord  
  36  16:18  Drone x5  
  38  16:21  Drone  
  38  16:23  Drone  
  43  16:28  Overlord  
  43  16:33  Overlord  
  43  16:39  Queen  
  45  16:50  Drone  
  45  16:53  Queen  
  48  16:56  Queen  
  50  17:06  Drone x5  
  50  17:07  Drone  
  56  17:08  Drone  
  56  17:10  Drone  
  56  17:12  Drone  
  56  17:13  Drone  
  56  17:15  Queen  
  62  17:24  Drone x5  
  62  17:25  Drone  
  62  17:28  Overlord  
  68  17:32  Drone  
  69  17:39  Zergling x2  
  69  17:40  Zergling x2  
  71  17:47  Drone x3  
  74  17:54  Drone x4  
  74  17:56  Extractor  
  74  17:57  Extractor  
  76  18:03  Drone  
  76  18:05  Drone x3  
  80  18:07  Extractor, Drone x2  
  80  18:08  Drone  
  80  18:10  Overlord x3, Extractor  
  80  18:12  Extractor, Lair  
  80  18:17  Drone x2  
  80  18:18  Evolution Chamber  
  81  18:20  Baneling Nest, Evolution Chamber  
  81  18:21  Drone  
  80  18:30  Hatchery  
  80  18:31  Drone x3  
  80  18:33  Drone x3  
  85  18:45  Drone  
  85  18:46  Drone x2  
  85  18:48  Zergling x10  
  93  18:49  Zerg Melee Weapons Level 1  
  93  18:50  Zerg Ground Armor Level 1  
  93  18:52  Hatchery  
  92  18:55  Overlord  
  92  19:11  Zergling x20  
  92  19:13  Baneling x13  
  92  19:15  Centrifical Hooks  
  102  19:22  Spire, Drone  
  102  19:26  Overseer  
  102  19:27  Extractor  
  102  19:28  Overseer  
  102  19:30  Extractor  
  100  19:38  Zergling x2  
  100  19:39  Zergling x14  
  100  19:41  Baneling x9  
  100  19:42  Overlord  
  108  19:48  Overlord  
  108  19:49  Overlord x3  
  108  19:59  Zergling x18  
  117  20:05  Zergling x6  
  120  20:13  Zergling x6  
  123  20:20  Zergling x2  
  123  20:21  Zergling x18  
  133  20:27  Queen  
  133  20:28  Drone x7  
  142  20:33  Drone x4  
  146  20:58  Drone x3  
  149  21:04  Overlord x2  
  149  21:06  Overlord x2, Infestation Pit  
  149  21:09  Zergling x6  
  149  21:10  Zergling x2, Hatchery  
  151  21:15  Overlord  
  151  21:16  Overlord x2  
  151  21:23  Mutalisk x2  
  151  21:24  Mutalisk x2  
  159  21:40  Zergling x2  
  159  21:41  Zergling x32  
    24:15  Terran Vehicle And Ship Armor Level 3, Terran Infantry Armor Level 3, Zerg Missile Weapons Level 3, Protoss Shields Level 3, Terran Infantry Weapons Level 3, Zerg Flyer Armor Level 3, Terran Vehicle and Ship Weapons Level 3, Zerg Ground Armor Level 3, Terran Ship Armor Level 3, Zerg Melee Weapons Level 3, Zerg Flyer Weapons Level 3, Terran Vehicle Armor Level 3, Protoss Ground Armor Level 3, Terran Ship Weapons Level 3, Protoss Air Weapons Level 3, Protoss Ground Weapons Level 3, Terran Vehicle Weapons Level 3, Protoss Air Armor Level 3  
    24:36  Terran Vehicle And Ship Armor Level 2, Zerg Flyer Weapons Level 2, Protoss Ground Weapons Level 2, Zerg Melee Weapons Level 2, Terran Vehicle Armor Level 2, Zerg Flyer Armor Level 2, Zerg Ground Armor Level 2, Terran Infantry Weapons Level 2, Terran Vehicle Weapons Level 2, Protoss Shields Level 2, Terran Infantry Armor Level 2, Protoss Air Armor Level 2, Zerg Missile Weapons Level 2, Protoss Ground Armor Level 2, Terran Ship Armor Level 2, Terran Vehicle and Ship Weapons Level 2, Protoss Air Weapons Level 2, Terran Ship Weapons Level 2  
    24:51  Blink, Stimpack  
    24:58  Terran Ship Armor Level 1, Terran Infantry Armor Level 1, Protoss Shields Level 1, Zerg Flyer Armor Level 1, Zerg Ground Armor Level 1, Zerg Flyer Weapons Level 1, Protoss Ground Armor Level 1, Protoss Ground Weapons Level 1, Terran Vehicle And Ship Armor Level 1, Protoss Air Armor Level 1, Zerg Melee Weapons Level 1, Terran Vehicle and Ship Weapons Level 1, Terran Vehicle Weapons Level 1, Warp Gate, Zerg Missile Weapons Level 1, Protoss Air Weapons Level 1, Terran Infantry Weapons Level 1, Terran Vehicle Armor Level 1, Terran Ship Weapons Level 1  
    25:12  Charge, Resonating Glaives, Extended Thermal Lance, Building Armor  
    25:19  Adrenal Glands, Ventral Sacs  
    25:25  Enduring Locusts  
    25:26  Personal Cloaking  
    25:32  Psionic Storm  
    25:33  Cloaking Field, Combat Shields, Tunneling Claws, Centrifical Hooks, Glial Reconstitution, Neural Parasite, Neosteel Frame, Unknown, Corvid Reactor, Metabolic Boost, Infernal Pre-Igniter, Chitinous Plating  
    25:41  Burrow, Muscular Augments x2  
    25:48  Anion Pulse-Crystals  
    25:55  Pathogen Glands, Graviton Catapult, Gravitic Drive, Observer Gravitic Boosters, Hi-Sec Auto Tracking  
    26:09  Pneumatized Carapace, Concussive Shells  
    26:34  Overlord  
    26:40  Drone x12  
    26:52  Unknown x5  
  12  26:55  Drone  
  13  27:06  Drone  
  14  27:10  Overlord  
  14  27:20  Extractor  
  14  27:21  Drone  
  15  27:30  Drone x2  
  17  27:47  Hatchery  
  17  27:49  Drone  
  17  27:51  Drone  
  18  28:03  Extractor  
  17  28:06  Spawning Pool  
  17  28:09  Drone  
  17  28:12  Drone  
  18  28:21  Drone  
  19  28:32  Overlord  
  19  28:42  Drone  
  20  28:53  Queen  
  20  28:54  Zergling x2  
  23  28:58  Queen  
  23  28:59  Zergling x2  
  26  29:05  Zergling x2  
  26  29:06  Metabolic Boost  
  26  29:09  Drone  
  28  29:15  Drone  
  29  29:33  Drone x3  
  29  29:36  Hatchery  
  29  29:38  Overlord  
  31  29:41  Terran Vehicle And Ship Armor Level 3, Terran Infantry Armor Level 3, Zerg Missile Weapons Level 3, Protoss Shields Level 3, Terran Infantry Weapons Level 3, Zerg Flyer Armor Level 3, Terran Vehicle and Ship Weapons Level 3, Zerg Ground Armor Level 3, Terran Ship Armor Level 3, Zerg Melee Weapons Level 3, Zerg Flyer Weapons Level 3, Terran Vehicle Armor Level 3, Protoss Ground Armor Level 3, Terran Ship Weapons Level 3, Protoss Air Weapons Level 3, Protoss Ground Weapons Level 3, Terran Vehicle Weapons Level 3, Protoss Air Armor Level 3  
  31  29:45  Drone  
  32  29:46  Pneumatized Carapace  
  32  29:47  Terran Vehicle And Ship Armor Level 3, Terran Infantry Armor Level 3, Zerg Missile Weapons Level 3, Protoss Shields Level 3, Terran Infantry Weapons Level 3, Zerg Flyer Armor Level 3, Terran Vehicle and Ship Weapons Level 3, Zerg Ground Armor Level 3, Terran Ship Armor Level 3, Zerg Melee Weapons Level 3, Zerg Flyer Weapons Level 3, Terran Vehicle Armor Level 3, Protoss Ground Armor Level 3, Terran Ship Weapons Level 3, Protoss Air Weapons Level 3, Protoss Ground Weapons Level 3, Terran Vehicle Weapons Level 3, Protoss Air Armor Level 3  
  32  29:49  Drone  
  33  29:54  Terran Vehicle And Ship Armor Level 3, Terran Infantry Armor Level 3, Zerg Missile Weapons Level 3, Protoss Shields Level 3, Terran Infantry Weapons Level 3, Zerg Flyer Armor Level 3, Terran Vehicle and Ship Weapons Level 3, Zerg Ground Armor Level 3, Terran Ship Armor Level 3, Zerg Melee Weapons Level 3, Zerg Flyer Weapons Level 3, Terran Vehicle Armor Level 3, Protoss Ground Armor Level 3, Terran Ship Weapons Level 3, Protoss Air Weapons Level 3, Protoss Ground Weapons Level 3, Terran Vehicle Weapons Level 3, Protoss Air Armor Level 3  
  33  29:55  Drone  
  33  29:59  Drone  
  35  30:02  Terran Vehicle And Ship Armor Level 2, Zerg Flyer Weapons Level 2, Protoss Ground Weapons Level 2, Zerg Melee Weapons Level 2, Terran Vehicle Armor Level 2, Drone x2, Zerg Flyer Armor Level 2, Zerg Ground Armor Level 2, Terran Infantry Weapons Level 2, Terran Vehicle Weapons Level 2, Protoss Shields Level 2, Terran Infantry Armor Level 2, Protoss Air Armor Level 2, Zerg Missile Weapons Level 2, Protoss Ground Armor Level 2, Terran Ship Armor Level 2, Terran Vehicle and Ship Weapons Level 2, Protoss Air Weapons Level 2, Terran Ship Weapons Level 2  
  35  30:03  Drone  
  38  30:08  Terran Vehicle And Ship Armor Level 2, Zerg Flyer Weapons Level 2, Protoss Ground Weapons Level 2, Zerg Melee Weapons Level 2, Terran Vehicle Armor Level 2, Zerg Flyer Armor Level 2, Zerg Ground Armor Level 2, Terran Infantry Weapons Level 2, Terran Vehicle Weapons Level 2, Protoss Shields Level 2, Terran Infantry Armor Level 2, Protoss Air Armor Level 2, Zerg Missile Weapons Level 2, Protoss Ground Armor Level 2, Terran Ship Armor Level 2, Terran Vehicle and Ship Weapons Level 2, Protoss Air Weapons Level 2, Terran Ship Weapons Level 2  
  38  30:09  Queen  
  40  30:14  Overlord  
  40  30:15  Terran Vehicle And Ship Armor Level 2, Zerg Flyer Weapons Level 2, Protoss Ground Weapons Level 2, Zerg Melee Weapons Level 2, Terran Vehicle Armor Level 2, Zerg Flyer Armor Level 2, Zerg Ground Armor Level 2, Terran Infantry Weapons Level 2, Terran Vehicle Weapons Level 2, Protoss Shields Level 2, Terran Infantry Armor Level 2, Protoss Air Armor Level 2, Zerg Missile Weapons Level 2, Protoss Ground Armor Level 2, Terran Ship Armor Level 2, Terran Vehicle and Ship Weapons Level 2, Protoss Air Weapons Level 2, Terran Ship Weapons Level 2  
  40  30:17  Blink, Stimpack  
  40  30:18  Drone x2  
  42  30:23  Overlord, Blink, Stimpack  
  42  30:24  Terran Ship Armor Level 1, Terran Infantry Armor Level 1, Protoss Shields Level 1, Zerg Flyer Armor Level 1, Zerg Ground Armor Level 1, Zerg Flyer Weapons Level 1, Protoss Ground Armor Level 1, Protoss Ground Weapons Level 1, Terran Vehicle And Ship Armor Level 1, Protoss Air Armor Level 1, Zerg Melee Weapons Level 1, Terran Vehicle and Ship Weapons Level 1, Terran Vehicle Weapons Level 1, Warp Gate, Zerg Missile Weapons Level 1, Protoss Air Weapons Level 1, Terran Infantry Weapons Level 1, Terran Vehicle Armor Level 1, Terran Ship Weapons Level 1  
  42  30:25  Drone  
  42  30:26  Drone  
  44  30:30  Terran Ship Armor Level 1, Terran Infantry Armor Level 1, Protoss Shields Level 1, Zerg Flyer Armor Level 1, Zerg Ground Armor Level 1, Blink, Zerg Flyer Weapons Level 1, Protoss Ground Armor Level 1, Protoss Ground Weapons Level 1, Stimpack, Terran Vehicle And Ship Armor Level 1, Protoss Air Armor Level 1, Zerg Melee Weapons Level 1, Terran Vehicle and Ship Weapons Level 1, Terran Vehicle Weapons Level 1, Warp Gate, Zerg Missile Weapons Level 1, Protoss Air Weapons Level 1, Terran Infantry Weapons Level 1, Terran Vehicle Armor Level 1, Terran Ship Weapons Level 1  
  44  30:35  Queen  
  44  30:37  Terran Ship Armor Level 1, Terran Infantry Armor Level 1, Protoss Shields Level 1, Zerg Flyer Armor Level 1, Zerg Ground Armor Level 1, Zerg Flyer Weapons Level 1, Protoss Ground Armor Level 1, Protoss Ground Weapons Level 1, Terran Vehicle And Ship Armor Level 1, Protoss Air Armor Level 1, Zerg Melee Weapons Level 1, Terran Vehicle and Ship Weapons Level 1, Terran Vehicle Weapons Level 1, Warp Gate, Zerg Missile Weapons Level 1, Protoss Air Weapons Level 1, Terran Infantry Weapons Level 1, Terran Vehicle Armor Level 1, Terran Ship Weapons Level 1  
  44  30:38  Charge, Resonating Glaives, Extended Thermal Lance, Building Armor  
  46  30:43  Drone x3  
  46  30:44  Charge, Resonating Glaives, Extended Thermal Lance, Drone x3, Building Armor  
  46  30:45  Adrenal Glands, Ventral Sacs  
  46  30:48  Queen  
  54  30:51  Resonating Glaives, Adrenal Glands, Enduring Locusts, Charge, Ventral Sacs, Extended Thermal Lance, Building Armor  
  54  30:52  Personal Cloaking, Queen  
  56  30:57  Enduring Locusts  
  56  30:58  Psionic Storm, Personal Cloaking, Adrenal Glands, Ventral Sacs  
  56  30:59  Cloaking Field, Combat Shields, Tunneling Claws, Centrifical Hooks, Glial Reconstitution, Neural Parasite, Neosteel Frame, Unknown, Corvid Reactor, Metabolic Boost, Infernal Pre-Igniter, Chitinous Plating  
  56  31:04  Psionic Storm, Enduring Locusts  
  56  31:05  Cloaking Field, Combat Shields, Personal Cloaking, Tunneling Claws, Centrifical Hooks, Glial Reconstitution, Neural Parasite, Neosteel Frame, Unknown, Corvid Reactor, Metabolic Boost, Infernal Pre-Igniter, Chitinous Plating  
  56  31:06  Overlord  
  56  31:07  Burrow, Muscular Augments x2  
  56  31:08  Zergling x14  
  63  31:11  Psionic Storm  
  63  31:12  Cloaking Field, Combat Shields, Tunneling Claws, Centrifical Hooks, Glial Reconstitution, Neural Parasite, Neosteel Frame, Unknown, Corvid Reactor, Metabolic Boost, Infernal Pre-Igniter, Chitinous Plating  
  63  31:13  Burrow, Muscular Augments x2  
  63  31:14  Anion Pulse-Crystals  
  63  31:15  Drone x2  
  65  31:20  Burrow, Anion Pulse-Crystals, Muscular Augments x2  
  65  31:21  Pathogen Glands, Observer Gravitic Boosters, Drone, Hi-Sec Auto Tracking, Graviton Catapult, Gravitic Drive  
  66  31:27  Overlord, Pathogen Glands, Observer Gravitic Boosters, Hi-Sec Auto Tracking, Graviton Catapult, Anion Pulse-Crystals, Gravitic Drive  
  66  31:28  Drone x2  
  66  31:29  Drone x2  
  66  31:32  Queen  
  72  31:34  Pathogen Glands, Observer Gravitic Boosters, Lair, Hi-Sec Auto Tracking, Graviton Catapult, Gravitic Drive  
  72  31:35  Pneumatized Carapace, Drone x2, Concussive Shells  
  74  31:41  Pneumatized Carapace, Concussive Shells  
  74  31:45  Drone x2  
  74  31:46  Drone x4  
  80  31:48  Pneumatized Carapace, Concussive Shells  
  80  32:00  Overlord  
  80  32:06  Overlord, Extractor, Drone x12  
  79  32:12  Drone x12  
  79  32:13  Overlord  
  79  32:18  Unknown x5  
  79  32:19  Drone x12  
  12  32:24  Unknown x5  
  13  32:31  Unknown x4  
  13  32:34  Drone  
  13  32:42  Drone  
  14  32:49  Overlord  
  14  32:58  Extractor, Drone  
  15  33:08  Drone x2  
  17  33:25  Hatchery  
  16  33:27  Drone  
  16  33:30  Drone  
  18  33:44  Extractor  
  18  33:47  Spawning Pool  
  16  33:48  Drone  
  16  33:52  Drone  
  18  33:59  Drone  
  19  34:10  Overlord  
  19  34:21  Drone  
  20  34:34  Queen  
  20  34:35  Zergling x2  
  20  34:37  Queen  
  20  34:38  Zergling x2  
  26  34:43  Zergling x2  
  26  34:45  Metabolic Boost  
  27  34:48  Drone  
  28  34:53  Drone  
  29  35:02  Drone  
  29  35:04  Drone  
  31  35:14  Hatchery  
  31  35:15  Overlord  
  31  35:18  Drone  
  31  35:23  Pneumatized Carapace  
  31  35:26  Drone  
  32  35:31  Drone  
  32  35:32  Drone  
  34  35:36  Drone  
  36  35:42  Drone  
  36  35:43  Overlord  
  36  35:49  Queen  
  38  35:55  Overlord  
  38  35:56  Drone  
  39  35:57  Drone  
  39  36:00  Drone  
  39  36:02  Drone  
  39  36:03  Drone  
  43  36:10  Drone x2  
  45  36:15  Overlord  
  45  36:17  Queen  
  47  36:24  Queen  
  49  36:29  Queen  
  51  36:37  Drone x4  
  55  36:40  Drone x3  
  55  36:43  Drone  
  55  36:44  Drone  
  55  36:45  Drone  
  61  36:53  Drone x2  
  63  36:55  Drone  
  63  36:57  Overlord  
  63  36:58  Overlord  
  64  37:05  Drone x4  
  68  37:16  Zergling x2  
  68  37:17  Zergling x4  
  68  37:20  Zergling x2  
  72  37:23  Extractor, Zergling x2  
  72  37:25  Extractor  
  72  37:26  Extractor, Drone  
  72  37:29  Drone x3  
  74  37:35  Extractor, Drone x2  
  74  37:36  Extractor  
  74  37:37  Drone x2  
  76  37:38  Drone  
  76  37:39  Drone x2  
  76  37:40  Drone  
  76  37:42  Overlord  
  80  37:44  Overlord  
  80  37:46  Lair  
  80  37:49  Zergling x2  
  82  37:58  Drone x3  
  82  37:59  Drone x2  
  82  38:02  Drone  
  87  38:05  Evolution Chamber  
  87  38:06  Drone, Evolution Chamber  
  87  38:07  Drone x2  
  87  38:08  Baneling Nest  
  87  38:18  Zergling x2, Hatchery  
  87  38:19  Zergling x12  
  93  38:23  Drone  
  93  38:25  Drone  
  93  38:26  Overlord  
  95  38:33  Hatchery  
  94  38:34  Overlord  
  94  38:37  Zerg Melee Weapons Level 1, Zerg Ground Armor Level 1  
  94  38:48  Overlord  
  94  38:49  Overlord x2  
  94  38:51  Centrifical Hooks  
  94  38:52  Zergling x2  
  94  38:53  Zergling x14  
  94  38:54  Baneling x2  
  94  38:55  Baneling x10  
  102  39:08  Zergling x12  
  102  39:09  Baneling  
  108  39:10  Baneling x2  
  108  39:13  Drone  
  108  39:14  Spire  
  108  39:18  Zergling x16  
  108  39:20  Baneling x5  
  116  39:29  Zergling x6  
  116  39:30  Overseer  
  119  39:33  Overseer  
  119  39:37  Zergling x8  
  123  39:44  Queen, Drone x5  
  130  39:49  Drone x8  
  130  39:51  Overlord  
  138  39:54  Overlord  
  138  40:02  Zergling x2  
  138  40:03  Zergling x6  
  138  40:04  Baneling  
  138  40:05  Baneling x7  
  138  40:06  Extractor  
  141  40:08  Zergling x4  
  141  40:09  Extractor  
  142  40:20  Drone x2  
  144  40:25  Zergling x14  
  144  40:26  Zergling x2  
  152  40:30  Mutalisk  
  152  40:31  Mutalisk  
  152  40:33  Mutalisk  
  158  40:48  Drone  
  159  40:50  Mutalisk x3  
  159  40:51  Hatchery  
  159  40:52  Infestation Pit, Zergling x2  
  159  40:53  Zergling x2  
  165  40:57  Overlord  
  165  40:58  Overlord  
  165  41:00  Overlord  
  165  41:06  Zergling x14  
  172  41:15  Mutalisk x3  
  172  41:16  Drone x3  
  181  41:28  Mutalisk x2  
  181  41:29  Mutalisk x4  
  193  41:42  Overlord  
  193  41:49  Zergling x10  
  193  41:51  Extractor  
  197  41:55  Extractor  
    49:03  Terran Vehicle And Ship Armor Level 3, Terran Infantry Armor Level 3, Zerg Missile Weapons Level 3, Protoss Shields Level 3, Terran Infantry Weapons Level 3, Zerg Flyer Armor Level 3, Terran Vehicle and Ship Weapons Level 3, Zerg Ground Armor Level 3, Terran Ship Armor Level 3, Zerg Melee Weapons Level 3, Zerg Flyer Weapons Level 3, Terran Vehicle Armor Level 3, Protoss Ground Armor Level 3, Terran Ship Weapons Level 3, Protoss Air Weapons Level 3, Protoss Ground Weapons Level 3, Terran Vehicle Weapons Level 3, Protoss Air Armor Level 3  
    49:24  Terran Vehicle And Ship Armor Level 2, Zerg Flyer Weapons Level 2, Protoss Ground Weapons Level 2, Zerg Melee Weapons Level 2, Terran Vehicle Armor Level 2, Zerg Flyer Armor Level 2, Zerg Ground Armor Level 2, Terran Infantry Weapons Level 2, Terran Vehicle Weapons Level 2, Protoss Shields Level 2, Terran Infantry Armor Level 2, Protoss Air Armor Level 2, Zerg Missile Weapons Level 2, Protoss Ground Armor Level 2, Terran Ship Armor Level 2, Terran Vehicle and Ship Weapons Level 2, Protoss Air Weapons Level 2, Terran Ship Weapons Level 2  
    49:39  Blink, Stimpack  
    49:46  Terran Ship Armor Level 1, Terran Infantry Armor Level 1, Protoss Shields Level 1, Zerg Flyer Armor Level 1, Zerg Ground Armor Level 1, Zerg Flyer Weapons Level 1, Protoss Ground Armor Level 1, Protoss Ground Weapons Level 1, Terran Vehicle And Ship Armor Level 1, Protoss Air Armor Level 1, Zerg Melee Weapons Level 1, Terran Vehicle and Ship Weapons Level 1, Terran Vehicle Weapons Level 1, Warp Gate, Zerg Missile Weapons Level 1, Protoss Air Weapons Level 1, Terran Infantry Weapons Level 1, Terran Vehicle Armor Level 1, Terran Ship Weapons Level 1  
    50:00  Charge, Resonating Glaives, Extended Thermal Lance, Building Armor  
    50:07  Adrenal Glands, Ventral Sacs  
    50:13  Enduring Locusts  
    50:14  Personal Cloaking  
    50:20  Psionic Storm  
    50:21  Cloaking Field, Combat Shields, Tunneling Claws, Centrifical Hooks, Glial Reconstitution, Neural Parasite, Neosteel Frame, Unknown, Corvid Reactor, Metabolic Boost, Infernal Pre-Igniter, Chitinous Plating  
    50:29  Burrow, Muscular Augments x2  
    50:36  Anion Pulse-Crystals  
    50:43  Pathogen Glands, Graviton Catapult, Gravitic Drive, Observer Gravitic Boosters, Hi-Sec Auto Tracking  
    50:44  Lair  
    50:57  Pneumatized Carapace, Concussive Shells  
    51:23  Overlord  
    51:29  Drone x12  
    51:40  Unknown x4  
    51:43  Drone  
  13  51:50  Drone  
  14  52:00  Overlord  
  14  52:04  Extractor  
  14  52:05  Drone  
  15  52:20  Drone x2  
  17  52:35  Hatchery  
  16  52:38  Drone  
  16  52:40  Drone  
  18  52:52  Extractor  
  18  52:55  Spawning Pool  
  18  52:57  Drone  
  17  53:01  Drone  
  18  53:11  Drone  
  19  53:22  Overlord  
  19  53:31  Drone  
  20  53:42  Zergling x2, Queen  
  20  53:46  Queen  
  20  53:47  Zergling x2  
  26  53:52  Zergling x2  
  26  53:54  Metabolic Boost  
  27  53:57  Drone  
  29  54:02  Drone  
  29  54:09  Drone  
  30  54:13  Drone  
  31  54:24  Overlord, Hatchery  
  30  54:32  Pneumatized Carapace  
  30  54:33  Drone  
  30  54:35  Drone  
  32  54:40  Drone x2  
  35  54:45  Drone  
  35  54:51  Drone  
  35  54:52  Overlord  
  36  54:57  Queen  
  38  55:02  Drone  
  38  55:03  Drone  
  38  55:04  Drone  
  41  55:07  Drone  
  41  55:09  Drone  
  41  55:11  Drone  
  44  55:15  Overlord  
  44  55:19  Overlord  
  44  55:30  Queen  
  46  55:36  Queen  
  46  55:38  Queen  
  46  55:42  Drone x3  
  53  55:46  Drone x3  
  53  55:48  Drone  
  53  55:49  Drone  
  58  55:51  Drone  
  59  56:00  Drone x5  
  59  56:01  Drone  
  65  56:04  Overlord  
  65  56:10  Drone  
  65  56:11  Drone x3  
  69  56:12  Drone  
  69  56:14  Drone  
  71  56:18  Overlord  
  71  56:21  Drone  
  72  56:26  Extractor, Drone  
  72  56:28  Extractor  
  72  56:29  Drone  
  72  56:32  Drone  
  73  56:33  Extractor  
  73  56:36  Extractor  
  73  56:37  Extractor, Drone  
  73  56:39  Drone  
  73  56:40  Drone  
  73  56:41  Drone x2  
  73  56:43  Drone  
  73  56:45  Drone  
  73  56:46  Drone x2  
  79  56:51  Drone  
  79  56:53  Drone  
  79  56:54  Drone  
  82  56:59  Hatchery  
  82  57:00  Drone x2  
  83  57:02  Zergling x4  
  83  57:05  Overlord  
  83  57:07  Lair  
  85  57:09  Overlord x2  
  85  57:12  Hatchery  
  85  57:14  Drone, Evolution Chamber  
  85  57:15  Evolution Chamber  
  83  57:16  Drone  
  83  57:17  Baneling Nest, Drone  
  84  57:23  Zergling x10  
  84  57:24  Zergling x2  
  91  57:30  Zergling x8  
  91  57:36  Zergling x2  
  95  57:42  Zergling x4  
  97  57:45  Zergling x2  
  97  57:50  Zerg Melee Weapons Level 1  
  97  57:51  Zerg Ground Armor Level 1  
  98  57:56  Zergling x6  
  98  57:57  Zergling x10  
  106  58:00  Baneling x14  
  106  58:03  Centrifical Hooks  
  106  58:07  Drone  
  106  58:08  Spire  
  106  58:11  Extractor  
  105  58:13  Drone x6  
  105  58:18  Zergling x4  
  113  58:23  Baneling x3  
  113  58:24  Zergling x8, Baneling x6  
  113  58:25  Zergling x4  
  119  58:27  Overlord  
  119  58:29  Overlord  
  119  58:31  Overlord  
  119  58:38  Drone x4  
  119  58:39  Drone x2  
  125  58:44  Extractor, Queen  
  125  58:45  Overlord  
  125  58:46  Overlord  
  126  58:53  Zergling x12  
  126  58:54  Zergling x2  
  133  58:56  Overlord  
  133  58:58  Overlord  
  133  59:00  Overlord  
  133  59:03  Overlord  
  133  59:08  Drone x2  
  135  59:13  Zergling x2  
  135  59:14  Zergling x2  
  137  59:24  Zergling x10  
  137  59:25  Zergling x2  
  143  59:33  Zergling x14  
  143  59:34  Zergling x2  
  143  59:36  Baneling x6  
  143  59:37  Baneling  
  151  59:40  Hatchery  
  151  59:45  Mutalisk x3  
  150  59:46  Mutalisk x2  
  150  59:50  Overseer  
  160  59:54  Overlord x2  
  160  59:55  Overlord  
  160  59:57  Mutalisk x2  
  160  59:58  Mutalisk  
  166  60:01  Mutalisk  
  166  60:02  Mutalisk  
Show
View Real Time Build Order
Export as new Build Order

Yourself Protoss 

Build Orders:  

Get SALT Encoding   

  12  12:39  SCV x12  
  12  12:51  Unknown  
  12  26:40  SCV x12  
  12  26:52  Unknown  
  12  32:06  SCV x12  
  12  32:12  SCV x12  
  12  32:18  Unknown  
  12  32:19  SCV x12  
  12  32:24  Unknown  
  12  32:31  Unknown  
  12  51:29  SCV x12  
  12  51:41  Unknown  
Tags
 
Add a new tag
Caveats
  • Supply blocks, unpowered buildings, or Contaminate may cause inaccurate times.
  • Supply counts are checked every 10 seconds.